SA
DELAWARE 1787 BC @ BELLEVILLE BULLS
08/07/2042
 
TOP OF THE 1ST
Delaware 1787 BC batting - Pitching for Belleville Bulls : RHP Kyuichi Ozawa
Pitching: RHP Kyuichi Ozawa
Batting: LHB Jeff Booth 0-0: Foul Ball, location: 2F
0-1: Ball
1-1: Ball
2-1: Foul Ball, location: 2F
2-2: Strikes out swinging
Batting: LHB Luis Concepción 0-0: Foul Ball, location: 2F
0-1: Swinging Strike
0-2: Strikes out looking
Batting: RHB Mhelter Tejano 0-0: Swinging Strike
0-1: Ball
1-1: Called Strike
1-2: Foul Ball, location: 2F
1-2: Strikes out looking
Top of the 1st over - 0 runs, 0 hits, 0 errors, 0 left on base; Delaware 0 - Belleville 0
BOTTOM OF THE 1ST
Belleville Bulls batting - Pitching for Delaware 1787 BC : RHP Foeke Reus
Pitching: RHP Foeke Reus
Batting: SHB Russ King 0-0: Ball
1-0: Ball
2-0: Called Strike
2-1: Ground out 4-3 (Groundball, 34D, EV 98.1 MPH)
Batting: LHB Maikel Nelis 0-0: Swinging Strike
0-1: Swinging Strike
0-2: Ball
1-2: Strikes out swinging
Batting: LHB Juan Romero 0-0: Foul Ball, location: 2F
0-1: Fly out, F8 (Flyball, 78XD, EV 91.9 MPH)
Bottom of the 1st over - 0 runs, 0 hits, 0 errors, 0 left on base; Delaware 0 - Belleville 0
TOP OF THE 2ND
Delaware 1787 BC batting - Pitching for Belleville Bulls : RHP Kyuichi Ozawa
Batting: RHB Eduardo Lucciardi 0-0: Called Strike
0-1: Foul Ball, location: 2F
0-2: Ball
1-2: Strikes out swinging
Batting: LHB Chandler Schroeder 0-0: Foul Ball, location: 2F
0-1: Fly out, F8 (Flyball, 89M, EV 88.8 MPH)
Batting: RHB Justin Schock 0-0: Called Strike
0-1: Ground out 3-1 (Groundball, 34S, EV 88.8 MPH)
Top of the 2nd over - 0 runs, 0 hits, 0 errors, 0 left on base; Delaware 0 - Belleville 0
BOTTOM OF THE 2ND
Belleville Bulls batting - Pitching for Delaware 1787 BC : RHP Foeke Reus
Batting: LHB Román Ramos 0-0: Foul Ball, location: 2F
0-1: Ball
1-1: Called Strike
1-2: Ball
2-2: Ball
3-2: Foul Ball, location: 2F
3-2: Strikes out swinging
Batting: SHB Ed Reese 0-0: Ball
1-0: Ball
2-0: Foul Ball, location: 2F
2-1: Ball
3-1: TRIPLE (Flyball, 89XD, EV 103.8 MPH)
Batting: SHB Kenny Dixon 0-0: Ball
1-0: Ball
2-0: Called Strike
2-1: Foul Ball, location: 2F
2-2: Foul Ball, location: 2F
2-2: Foul Ball, location: 2F
2-2: Foul Ball, location: 2F
2-2: Strikes out looking
Batting: LHB Steve Burnett 0-0: Ground out U3 (Groundball, 3, EV 81.9 MPH)
Bottom of the 2nd over - 0 runs, 1 hit, 0 errors, 1 left on base; Delaware 0 - Belleville 0
TOP OF THE 3RD
Delaware 1787 BC batting - Pitching for Belleville Bulls : RHP Kyuichi Ozawa
Batting: RHB Julián Zambrano 0-0: Ground out 5-3 (Groundball, 5S, EV 90.6 MPH)
Batting: RHB Brian Thomas 0-0: Called Strike
0-1: Called Strike
0-2: Foul Ball, location: 2F
0-2: Ball
1-2: Hit by Pitch
Batting: LHB Brian Webb 0-0: Foul Ball, location: 2F
0-1: DOUBLE (Line Drive, 8RXD, EV 105.6 MPH)
Brian Thomas to third
Batting: LHB Jeff Booth 0-0: Ball
1-0: Ball
2-0: Called Strike
2-1: Foul Ball, location: 2F
2-2: Ball
3-2: Strikes out swinging
Batting: LHB Luis Concepción 0-0: Foul Ball, location: 2F
0-1: Ball
1-1: Called Strike
1-2: Ball
2-2: Ball
3-2: Strikes out looking
Top of the 3rd over - 0 runs, 1 hit, 0 errors, 2 left on base; Delaware 0 - Belleville 0
BOTTOM OF THE 3RD
Belleville Bulls batting - Pitching for Delaware 1787 BC : RHP Foeke Reus
Batting: SHB Geoffrey Richardson 0-0: Called Strike
0-1: Ball
1-1: Fly out, F7 (Flyball, 7S, EV 91.9 MPH)
Batting: RHB Nick West 0-0: Ball
1-0: Ball
2-0: Called Strike
2-1: Foul Ball, location: 2F
2-2: Strikes out swinging
Batting: SHB Russ King 0-0: Swinging Strike
0-1: Swinging Strike
0-2: Foul Ball, location: 2F
0-2: Foul Ball, location: 2F
0-2: Reached on error, E6 (Groundball, 6, EV 106.9 MPH)
Batting: LHB Maikel Nelis 0-0: Ball
1-0: Ball
2-0: Swinging Strike
2-1: Ground out 4-3 (Groundball, 4, EV 85.6 MPH)
Bottom of the 3rd over - 0 runs, 0 hits, 1 error, 1 left on base; Delaware 0 - Belleville 0
TOP OF THE 4TH
Delaware 1787 BC batting - Pitching for Belleville Bulls : RHP Kyuichi Ozawa
Batting: RHB Mhelter Tejano 0-0: Foul Ball, location: 2F
0-1: Ball
1-1: Fly out, F9 (Flyball, 9, EV 77.5 MPH)
Batting: RHB Eduardo Lucciardi 0-0: Called Strike
0-1: Ball
1-1: Called Strike
1-2: Foul Ball, location: 2F
1-2: Ball
2-2: Fly out, F8 (Flyball, 8RM, EV 85.6 MPH)
Batting: LHB Chandler Schroeder 0-0: Ground out 1-3 (Groundball, 23, EV 81.2 MPH)
Top of the 4th over - 0 runs, 0 hits, 0 errors, 0 left on base; Delaware 0 - Belleville 0
BOTTOM OF THE 4TH
Belleville Bulls batting - Pitching for Delaware 1787 BC : RHP Foeke Reus
Batting: LHB Juan Romero 0-0: Called Strike
0-1: Ball
1-1: Foul Ball, location: 2F
1-2: Fly out, F9 (Line Drive, 9D, EV 98.1 MPH)
Batting: LHB Román Ramos 0-0: Ball
1-0: Fly out, F7 (Flyball, 7LSF, EV 87.5 MPH)
Batting: SHB Ed Reese 0-0: Ball
1-0: Called Strike
1-1: Ball
2-1: Ground out 6-3 (Groundball, 6, EV 81.2 MPH)
Bottom of the 4th over - 0 runs, 0 hits, 0 errors, 0 left on base; Delaware 0 - Belleville 0
TOP OF THE 5TH
Delaware 1787 BC batting - Pitching for Belleville Bulls : RHP Kyuichi Ozawa
Batting: RHB Justin Schock 0-0: Ground out 6-3 (Groundball, 6, EV 80.6 MPH)
Batting: RHB Julián Zambrano 0-0: DOUBLE (Line Drive, 78XD, EV 108.1 MPH)
Batting: RHB Brian Thomas 0-0: Foul Ball, location: 2F
0-1: Ball
1-1: Swinging Strike
1-2: Strikes out swinging
Batting: LHB Brian Webb 0-0: Ball
1-0: SINGLE (Groundball, 6M, EV 97.5 MPH)
Julián Zambrano to third
Runner from 3rd tries for Home, SAFE, no throw by CF
Batting: LHB Jeff Booth 0-0: Ball
1-0: Ball
2-0: Called Strike
2-1: Ball
3-1: Called Strike
3-2: Reached on error, E5 (Groundball, 5, EV 103.1 MPH)
Brian Webb to third
Batting: LHB Luis Concepción 0-0: Called Strike
0-1: Ball
1-1: Ball
2-1: Foul Ball, location: 2F
2-2: Foul Ball, location: 2F
2-2: Ball
3-2: Ground out U3 (Groundball, 3L, EV 100.0 MPH)
Top of the 5th over - 1 run, 2 hits, 1 error, 2 left on base; Delaware 1 - Belleville 0
BOTTOM OF THE 5TH
Belleville Bulls batting - Pitching for Delaware 1787 BC : RHP Foeke Reus
Batting: SHB Kenny Dixon 0-0: Fly out, F8 (Flyball, 78S, EV 95.6 MPH)
Batting: LHB Steve Burnett 0-0: Called Strike
0-1: Ball
1-1: Foul Ball, location: 2F
1-2: Strikes out swinging
Batting: SHB Geoffrey Richardson 0-0: DOUBLE (Line Drive, 78M, EV 101.9 MPH)
Batting: RHB Nick West 0-0: Ball
1-0: Foul Ball, location: 2F
1-1: Swinging Strike
1-2: Strikes out swinging
Bottom of the 5th over - 0 runs, 1 hit, 0 errors, 1 left on base; Delaware 1 - Belleville 0
TOP OF THE 6TH
Delaware 1787 BC batting - Pitching for Belleville Bulls : RHP Kyuichi Ozawa
Batting: RHB Mhelter Tejano 0-0: Ball
1-0: Ball
2-0: Swinging Strike
2-1: Swinging Strike
2-2: Strikes out looking
Batting: RHB Eduardo Lucciardi 0-0: Ball
1-0: Ground out 1-3 (Groundball, P, EV 72.5 MPH)
Batting: LHB Chandler Schroeder 0-0: Ball
1-0: Called Strike
1-1: Foul Ball, location: 2F
1-2: Ball
2-2: Foul Ball, location: 2F
2-2: Foul Ball, location: 2F
2-2: Foul Ball, location: 2F
2-2: Strikes out swinging
Top of the 6th over - 0 runs, 0 hits, 0 errors, 0 left on base; Delaware 1 - Belleville 0
BOTTOM OF THE 6TH
Belleville Bulls batting - Pitching for Delaware 1787 BC : RHP Foeke Reus
Batting: SHB Russ King 0-0: SINGLE (Flyball, 78M, EV 88.8 MPH)
Batting: LHB Maikel Nelis 0-0: Ball
1-0: Ball
2-0: Ball
3-0: Called Strike
3-1: Foul Ball, location: 2F
3-2: Foul Ball, location: 2F
3-2: Foul Ball, location: 2F
3-2: Foul Ball, location: 2F
3-2: Foul Ball, location: 2F
3-2: DOUBLE (Line Drive, 89D, EV 105.6 MPH)
Russ King to third
Russ King scores
Batting: LHB Juan Romero 0-0: Swinging Strike
0-1: Ball
1-1: Ball
2-1: Foul Ball, location: 2F
2-2: 2-RUN HOME RUN (Flyball, 9LD, EV 97.5 MPH), Distance : 339 ft
Batting: LHB Román Ramos 0-0: Called Strike
0-1: Fly out, F9 (Flyball, 9LSF, EV 91.9 MPH)
Batting: SHB Ed Reese 0-0: Ball
1-0: Ball
2-0: Called Strike
2-1: Foul Ball, location: 2F
2-2: Strikes out looking
Batting: SHB Kenny Dixon 0-0: Foul Ball, location: 2F
0-1: Ball
1-1: Called Strike
1-2: Foul Ball, location: 2F
1-2: Fly out, F8 (Flyball, 8RM, EV 96.9 MPH)
Bottom of the 6th over - 3 runs, 3 hits, 0 errors, 0 left on base; Delaware 1 - Belleville 3
TOP OF THE 7TH
Delaware 1787 BC batting - Pitching for Belleville Bulls : RHP Kyuichi Ozawa
Batting: RHB Justin Schock 0-0: Called Strike
0-1: Ball
1-1: Called Strike
1-2: Ground out 4-3 (Groundball, 4, EV 86.9 MPH)
Batting: RHB Julián Zambrano 0-0: Foul Ball, location: 2F
0-1: Called Strike
0-2: Foul Ball, location: 2F
0-2: Ball
1-2: Ball
2-2: SOLO HOME RUN (Flyball, 7D, EV 110.0 MPH), Distance : 382 ft
Batting: RHB Brian Thomas 0-0: Ball
1-0: Ground out 6-3 (Groundball, 56, EV 96.9 MPH)
Batting: LHB Brian Webb 0-0: Ball
1-0: SINGLE (Groundball, 34D, EV 105.0 MPH)
Pitching: RHP David Ramos
Batting: LHB Jeff Booth 0-0: Called Strike
0-1: Foul Ball, location: 2F
0-2: Foul Ball, location: 2F
0-2: Ball
1-2: Ball
2-2: Ground out 4-3 (Groundball, 4, EV 100.0 MPH)
Top of the 7th over - 1 run, 2 hits, 0 errors, 1 left on base; Delaware 2 - Belleville 3
BOTTOM OF THE 7TH
Belleville Bulls batting - Pitching for Delaware 1787 BC : RHP Foeke Reus
Batting: LHB Steve Burnett 0-0: Foul Ball, location: 2F
0-1: Fly out, F9 (Flyball, 9LS, EV 88.8 MPH)
Batting: SHB Geoffrey Richardson 0-0: Ball
1-0: Ball
2-0: Foul Ball, location: 2F
2-1: Ground out 4-3 (Groundball, 4S, EV 61.2 MPH)
Batting: RHB Nick West 0-0: Ball
1-0: Foul Ball, location: 2F
1-1: Foul Ball, location: 2F
1-2: Strikes out looking
Bottom of the 7th over - 0 runs, 0 hits, 0 errors, 0 left on base; Delaware 2 - Belleville 3
TOP OF THE 8TH
Delaware 1787 BC batting - Pitching for Belleville Bulls : RHP David Ramos
Batting: LHB Luis Concepción 0-0: Swinging Strike
0-1: Ball
1-1: Foul Ball, location: 2F
1-2: Strikes out looking
Batting: RHB Mhelter Tejano 0-0: Ball
1-0: Ground out 5-3 (Groundball, 5S, EV 61.2 MPH)
Batting: RHB Eduardo Lucciardi 0-0: Ball
1-0: Fly out, F9 (Flyball, 9LM, EV 85.0 MPH)
Top of the 8th over - 0 runs, 0 hits, 0 errors, 0 left on base; Delaware 2 - Belleville 3
BOTTOM OF THE 8TH
Belleville Bulls batting - Pitching for Delaware 1787 BC : RHP Foeke Reus
Batting: SHB Russ King 0-0: Called Strike
0-1: Foul Ball, location: 2F
0-2: Strikes out looking
Batting: LHB Maikel Nelis 0-0: Foul Ball, location: 2F
0-1: Swinging Strike
0-2: Foul Ball, location: 2F
0-2: Ball
1-2: Ball
2-2: Strikes out swinging
Batting: LHB Juan Romero 0-0: Ball
1-0: Ball
2-0: Called Strike
2-1: Foul Ball, location: 2F
2-2: Strikes out swinging
Bottom of the 8th over - 0 runs, 0 hits, 0 errors, 0 left on base; Delaware 2 - Belleville 3
TOP OF THE 9TH
Delaware 1787 BC batting - Pitching for Belleville Bulls : RHP David Ramos
Pitching: LHP Wayne Daugherty
Pinch Hitting: RHB Mike Williams 0-0: Ball
1-0: Called Strike
1-1: Ball
2-1: Ground out 6-3 (Groundball, 6S, EV 86.9 MPH)
Batting: RHB Justin Schock 0-0: Swinging Strike
0-1: Ball
1-1: Foul Ball, location: 2F
1-2: Ball
2-2: Ground out 4-3 (Groundball, 34, EV 103.8 MPH)
Batting: RHB Julián Zambrano 0-0: SINGLE (Groundball, 6MD, EV 94.4 MPH)
Batting: RHB Brian Thomas 0-0: Swinging Strike
0-1: Foul Ball, location: 2F
0-2: Fielders Choice at 2nd, 6-4 (Groundball, 6, EV 88.8 MPH)
Top of the 9th over - 0 runs, 1 hit, 0 errors, 1 left on base; Delaware 2 - Belleville 3
Friday, March 26th, 2021 - OOTP Baseball 20.8 Build 74